 Dungeon Crawl Stone Soup version 0.29.0-4-gdea44cf6ec (webtiles) character file.

Game seed: 14042993859810089086

46 qw the Ruffian (level 3, -1/36 HPs)
             Began as a Troll Cinder Acolyte on Sept 2, 2022.
             Was a High Priest of Ignis.
             Slain by a gnoll
             ... wielding a +0 halberd
              (3 damage)
             ... on level 2 of the Dungeon.
             The game lasted 00:00:41 (958 turns).

qw the Ruffian (Troll Cinder Acolyte)                Turns: 958, Time: 00:00:41

Health: -1/36      AC: 14    Str: 24    XL:     3   Next: 44%
Magic:  3/3        EV:  9    Int: 10    God:    Ignis [*****.]
Gold:   38         SH:  0    Dex:  5    Spells: 4/4 levels left

rFire   + + .      SeeInvis .     - Unarmed
rCold   . . .      Faith    .   (no shield)
rNeg    . . .      Spirit   .   a - +0 robe
rPois   .          Reflect  .   (helmet restricted)
rElec   +          Harm     .   c - +2 cloak "Gazuebr Sero" {rElec rF+ Will++ Slay-3}
rCorr   .          Rampage  .   (gloves unavailable)
Will    ++...                   (boots unavailable)
Stlth   +.........              (no amulet)
HPRegen 0.92/turn               (no ring)
MPRegen 0.08/turn               (no ring)

@: fiery-armoured
A: large, unfitting armour, claws 3, regeneration 1, shaggy fur 1, tough skin 1
a: Renounce Religion, Fiery Armour, Foxfire Swarm, Rising Flame


You were on level 2 of the Dungeon.
You worshipped Ignis.
Ignis was extremely pleased with you.
You visited 1 branch of the dungeon, and saw 2 of its levels.

You collected 38 gold pieces.


Innate Abilities, Weirdness & Mutations

You are too large for most types of armour.
You have claws for hands.
Your natural rate of healing is unusually fast.
You are covered in fur. (AC +1)
You have tough skin. (AC +1)


   Skills:
 - Level 2.4 Fighting
 + Level 4.5 Unarmed Combat
 - Level 1.0 Spellcasting
 - Level 2.1 Fire Magic


You had 4 spell levels left.
You didn't know any spells.
Your spell library contained the following spells:

 Spells                   Type           Power      Damage    Failure   Level
 Scorch                   Fire           8%         2d5       22%         2

Inventory:

Armour
 a - a +0 robe (worn)
 c - the +2 cloak "Gazuebr Sero" (worn) {rElec rF+ Will++ Slay-3}
   (You acquired it on level 1 of the Dungeon)

   Slay:      It affects your accuracy & damage with ranged weapons and melee
   (-3).
   rF:        It protects you from fire.
   rElec:     It insulates you from electricity.
   Will:      It greatly increases your willpower.
Scrolls
 g - a scroll of identify
Potions
 b - a potion of invisibility {unknown}
 d - a potion of curing
 e - a potion of haste {unknown}
 f - a potion of cancellation {unknown}

Dungeon Overview and Level Annotations

Branches:
Dungeon (2/15)

Altars:


Message History

The gnoll is moderately wounded.
The gnoll misses you.
954 ||| Stepping ~*~*~tactically~*~*~ (outnumbered).
The gnoll attacks as you move away! The gnoll hits you with a +0 whip.
The gnoll is burned by your cloak of flames.
The gnoll is lightly wounded.
The gnoll throws a throwing net.
The throwing net hits you.
You become entangled in the net!
You see here a throwing net.
You struggle against the net.
The gnoll hits you with a +0 halberd.
The gnoll is burned by your cloak of flames.
The gnoll is lightly wounded.
The gnoll hits you but does no damage.
The gnoll is burned by your cloak of flames.
The gnoll is heavily wounded.
The gnoll hits you from afar with a +0 halberd.
956 ||| Stepping ~*~*~tactically~*~*~ (outnumbered).
You struggle against the net.
The gnoll hits you with a +0 whip!
The gnoll is burned by your cloak of flames.
The gnoll is severely wounded.
The gnoll hits you with a +0 halberd!
The gnoll is burned by your cloak of flames.
The gnoll is moderately wounded.
The gnoll hits you but does no damage. The gnoll hits you with a +0 whip.
The gnoll is burned by your cloak of flames.
The gnoll is heavily wounded.
957 ||| Stepping ~*~*~tactically~*~*~ (outnumbered).
You rip the net and break free!
The gnoll closely misses you. x2; The gnoll hits you but does no damage.
The gnoll is burned by your cloak of flames.
You kill the gnoll!
The gnoll hits you but does no damage.
The gnoll is burned by your cloak of flames.
The gnoll is almost dead.
You barely miss the gnoll.
The gnoll is almost dead.
The gnoll hits you from afar with a +0 halberd.
You die...

...#.# #
#.....#.....#.#
.#.#.#
#.....'....##.#
.#.#.#
#.....##..###.#
.#.#
#.....##......#
#.....##..#####
#.....##..#
###.####..#
.###.###(# #..#
.......)@# #..#
....?.ggg......#
.....#########..
#### ###


You could see 3 gnolls.

Vanquished Creatures
  A gnoll (D:2)
  2 dart slugs (D:1)
  3 ball pythons (D:1)
  2 endoplasms (D:1)
  A giant cockroach (D:1)
  4 goblins
  2 hobgoblins (D:1)
  4 jackals (D:1)
  2 kobolds (D:1)
  2 quokkas (D:1)
  2 frilled lizards (D:1)
  4 rats (D:1)
29 creatures vanquished.

Vanquished Creatures (others)
  2 plants (D:1)
2 creatures vanquished.

Grand Total: 31 creatures vanquished

Notes
Turn   | Place    | Note
-------+----------+-------------------------------------------
     0 | D:1      | qw the Troll Cinder Acolyte began the quest for the Orb.
     0 | D:1      | Reached XP level 1. HP: 22/22 MP: 1/1
     0 | D:1      | 0 ||| qw: Version: 0.1-a-100-g36b9a1f
     0 | D:1      | 0 ||| qw: Game counter: 5028
     0 | D:1      | 0 ||| qw: Always use a shield: true
     0 | D:1      | 0 ||| qw: God list: Okawaru
     0 | D:1      | 0 ||| qw: Allow faded altars: false
     0 | D:1      | 0 ||| qw: Do Orc after D:15 true
     0 | D:1      | 0 ||| qw: Do second Lair branch before Depths: true
     0 | D:1      | 0 ||| qw: Lair rune preference: random
     0 | D:1      | 0 ||| qw: Plans: Normal
     0 | D:1      | 0 ||| PLANNING D:1-11
    28 | D:1      | 28 ||| Stepping ~*~*~tactically~*~*~ (outnumbered).
    30 | D:1      | 30 ||| Stepping ~*~*~tactically~*~*~ (outnumbered).
    31 | D:1      | 31 ||| Stepping ~*~*~tactically~*~*~ (outnumbered).
   127 | D:1      | 127 ||| Stepping ~*~*~tactically~*~*~ (stealth).
   160 | D:1      | Reached XP level 2. HP: 29/29 MP: 2/2
   197 | D:1      | 197 ||| Stepping ~*~*~tactically~*~*~ (stealth).
   230 | D:1      | Reached skill level 4 in Unarmed Combat
   270 | D:1      | 270 ||| READING scroll labelled PILOYG HUBRAIR.
   270 | D:1      | Identified a scroll of acquirement
   270 | D:1      | 270 ||| ACQUIRING +2 cloak "Gazuebr Sero" {rElec rF+ Will++
                  | Slay-3}
   270 | D:1      | Acquired the +2 cloak "Gazuebr Sero" {rElec rF+ Will++
                  | Slay-3}
   271 | D:1      | 271 ||| READING scroll labelled ORCHIR CADE.
   272 | D:1      | 272 ||| Stepping randomly (stuck).
   433 | D:1      | 433 ||| Stepping ~*~*~tactically~*~*~ (outnumbered).
   437 | D:1      | Reached XP level 3. HP: 36/36 MP: 3/3
   823 | D:1      | 823 ||| UPGRADING to +2 cloak "Gazuebr Sero" {rElec rF+
                  | Will++ Slay-3}.
   828 | D:1      | 828 ||| READING 2 scrolls labelled WOEBBY YTZIXKIW.
   829 | D:1      | 829 ||| DRINKING 2 inky potions.
   830 | D:1      | 830 ||| DROPPING scroll of fog.
   947 | D:2      | 947 ||| Stepping ~*~*~tactically~*~*~ (hiding).
   951 | D:2      | 951 ||| INVOKING Fiery Armour.
   954 | D:2      | 954 ||| Stepping ~*~*~tactically~*~*~ (outnumbered).
   956 | D:2      | 956 ||| Stepping ~*~*~tactically~*~*~ (outnumbered).
   956 | D:2      | HP: 6/36 [gnoll/+0 halberd (8)]
   956 | D:2      | HP: 1/36 [gnoll/+0 whip (5)]
   957 | D:2      | 957 ||| Stepping ~*~*~tactically~*~*~ (outnumbered).
   958 | D:2      | Slain by a gnoll

Levels and vault maps discovered:
D:1:      lightli_arrival_statue_moat, layout_basic, grunt_decor_mini_mirrors,
          serial_bayou_pond_c, reono_crystal_passage
D:2:      layout_basic, minmay_small_reverse_x

Skill      XL: |  1  2 |
---------------+-------+-----
Unarmed Combat | 4 |  4.5
Fighting       | |  2.4
Spellcasting   | |  1.0
Fire Magic     | |  2.1

Action                   || total
-------------------------++-------
Melee: Unarmed           ||   103
Invok: Fiery Armour      ||     1
  Use: Scroll            ||     3
       Potion            ||     1
Armor: Robe              ||    47
Dodge: Dodged            ||    60

Table legend:
 A = Non-vault XP
 B = Vault XP
 C = Vault XP percentage of total XP
 D = Non-vault monster count
 E = Vault monster count
 F = Vault count percentage of total count
                 A         B        C        D         E       F
            +---------+---------+-------+---------+---------+-------
      Total |      66 |       0 |   0.0 |      29 |       0 |   0.0
            +---------+---------+-------+---------+---------+-------
        D:1 |      50 |       0 |   0.0 |      27 |       0 |   0.0
        D:2 |      16 |       0 |   0.0 |       2 |       0 |   0.0
            +---------+---------+-------+---------+---------+-------
